 Dungeon Crawl Stone Soup version 0.23.0-3-gf3c87f2 (webtiles) character file.

Game seed: 14585094738311130990

12127 mopl the Grappler (level 11, -4/92 HPs)
             Began as a Troll Hunter on Feb 22, 2019.
             Slain by a red devil
             ... wielding a +0 trident
             ... summoned by an orc sorcerer
              (8 damage)
             ... while paralysed by an orc sorcerer
             ... on level 1 of the Orcish Mines.
             The game lasted 00:21:49 (11610 turns).

mopl the Grappler (Troll Hunter)                   Turns: 11610, Time: 00:21:49

Health: -4/92      AC:  9    Str: 22    XL:     11   Next: 58%
Magic:  13/13      EV:  1    Int:  7    God:
Gold:   597        SH:  0    Dex: 13    Spells: 7/10 levels left

rFire    . . .     SeeInvis +     - Unarmed
rCold    + . .     Gourm    +   (no shield)
rNeg     + . .     Faith    .   G - +0 robe "Ydimmyel" {rN+ Stlth+} (curse)
rPois    .         Spirit   .   (helmet restricted)
rElec    .         Reflect  .   F - +2 cloak {+Inv}
rCorr    .         Harm     .   (gloves unavailable)
MR       .....                  (boots unavailable)
Stlth    ++........             (no amulet)
HPRegen  0.65/turn              u - ring of protection from cold
MPRegen  0.13/turn              W - ring of see invisible

@: paralysed, very slightly contaminated
A: large, unfitting armour, claws 3, fast metabolism 3, gourmand, regeneration
1, shaggy fur 1, tough skin 3
a: Evoke Invisibility


You were on level 1 of the Orcish Mines.
You were completely stuffed.

You visited 3 branches of the dungeon, and saw 13 of its levels.
You also visited: Ossuary.

You collected 1046 gold pieces.
You spent 449 gold pieces at shops.

Inventory:

Hand Weapons
 v - a +0 blowgun
 w - the +9 dagger of Hospitality {holy, rF- Int+4}
   (You took it off an orc on level 3 of the Dungeon)

   It has been blessed by the Shining One to cause great damage to the undead
   and demons.
   It affects your intelligence (+4).
   It makes you vulnerable to fire.
 B - the +6 rapier "Anichasof" {freeze, rC+ Int+4 Dex+2, unknown}
   (You found it on level 11 of the Dungeon)

   It has been specially enchanted to freeze those struck by it, causing extra
   injury to most foes and up to half again as much damage against particularly
   susceptible opponents.
   It can also slow down cold-blooded creatures.
   It affects your intelligence (+4).
   It affects your dexterity (+2).
   It protects you from cold.
 T - a +6 demon trident
 V - a +1 scimitar of flaming
 X - a +1 hand axe of flaming
Missiles
 a - 25 poisoned needles
 c - 9 large rocks
 d - 2 throwing nets
 j - 184 stones
 k - 5 tomahawks
 K - 6 javelins (quivered)
Armour
 F - a +2 cloak of invisibility (worn)
 G - the cursed +0 robe "Ydimmyel" (worn) {rN+ Stlth+}
   (You bought it in a shop on level 7 of the Dungeon)

   It protects you from negative energy.
   It makes you more stealthy.
   It has a curse placed upon it.
 M - a +0 troll leather armour
Jewellery
 u - a ring of protection from cold (left claw)
 W - a ring of see invisible (right claw)
Wands
 r - a wand of polymorph (6)
 D - a wand of flame (12)
 H - a wand of acid (10)
 N - a wand of enslavement (5)
 O - a wand of disintegration (16)
 P - a wand of iceblast (6)
 Y - a wand of random effects (11)
Scrolls
 g - a scroll of blinking {unknown}
 i - 5 scrolls of enchant weapon {unknown}
 l - 5 scrolls of fog {unknown}
 n - 8 scrolls of identify {unknown}
 q - 6 scrolls of amnesia {unknown}
 s - 5 scrolls of teleportation {unknown}
 y - 3 scrolls of fear {unknown}
 z - 4 scrolls of magic mapping {unknown}
 A - 8 scrolls of remove curse {unknown}
 I - a scroll of immolation {unknown}
 R - a scroll of enchant armour {unknown}
Potions
 b - a potion of resistance {unknown}
 e - 2 potions of heal wounds {unknown}
 h - 4 potions of magic {unknown}
 m - a potion of cancellation {unknown}
 o - 2 potions of haste {unknown}
 p - 2 potions of berserk rage {unknown}
 t - 10 potions of curing {unknown}
 x - 6 potions of agility {unknown}
 C - 2 potions of flight {unknown}
 E - 4 potions of lignification {unknown}
 J - 4 potions of might {unknown}
 L - a potion of ambrosia {unknown}
 Q - a potion of degeneration {unknown}
 S - a potion of brilliance {unknown}
Comestibles
 f - 17 rations


   Skills:
 - Level 1.5 Fighting
 + Level 10.0 Throwing
 - Level 1.5 Dodging
 - Level 0.3 Stealth
 * Level 13.6 Unarmed Combat
 - Level 5.0 Evocations


You had 7 spell levels left.
You knew the following spells:

 Your Spells              Type           Power        Failure   Level  Hunger
a - Beastly Appendage     Tmut           #.....       43%         1    ##.....
e - Blink                 Tloc           N/A          56%         2    ###....

Your spell library contained the following spells:

 Spells                   Type           Power        Failure   Level  Hunger
 Magic Dart               Conj           #...         43%         1    ##.....
 Sting                    Conj/Pois      #...         43%         1    ##.....
 Call Imp                 Summ           #.......     56%         2    ###....
 Poisonous Vapours        Pois/Air       #.....       56%         2    ###....
 Slow                     Hex            #.......     56%         2    ###....
 Sticks to Snakes         Tmut           #.......     56%         2    ###....
 Conjure Flame            Conj/Fire      #.......     80%         3    ####...
 Mephitic Cloud           Conj/Pois/Air  #.......     80%         3    ####...
 Spider Form              Tmut/Pois      #.........   80%         3    ####...
 Ice Form                 Ice/Tmut       #.......     99%         4    #####..
 Olgreb's Toxic Radiance  Pois           #.......     99%         4    #####..
 Blade Hands              Tmut           #.........   100%        5    ######.
 Venom Bolt               Conj/Pois      #.........   100%        5    ######.


Dungeon Overview and Level Annotations

Branches:
Dungeon (11/15)            Temple (1/1) D:5            Lair (0/6) D:9
    Orc (1/2) D:11

Altars:
Ashenzari
Cheibriados
Dithmenos
Gozag
Hepliaklqana
Kikubaaqudgha
Qazlal
Ru
Sif Muna
Uskayaw
Yredelemnul
The Shining One
Beogh

Shops:
D:5 %   D:7 [   D:10 *

Annotations:
D:11 bb, exclusion: upstairs


Innate Abilities, Weirdness & Mutations

You are too large for most types of armour.
You have claws for hands.
Your metabolism is lightning-fast.
You like to eat raw meat.
Your natural rate of healing is unusually fast.
You are covered in fur. (AC +1)
You have extremely tough skin. (AC +3)


Message History

Aim: an orc sorcerer, wielding a +0 dagger and wearing a +0 robe (moderately wounded)
You throw a javelin.
The javelin closely misses the orc sorcerer.
Unknown command.
The red devil hits you but does no damage.
The orc sorcerer casts a spell at you.
You suddenly lose the ability to move!
The smoke demon gestures at you. Something smites you!
The red devil hits you from afar with a +0 trident!!
The orc sorcerer hits you with a +0 dagger!
* * * LOW HITPOINT WARNING * * *
The smoke demon gestures at you. Something smites you!
* * * LOW HITPOINT WARNING * * *
The red devil hits you from afar with a +0 trident.
* * * LOW HITPOINT WARNING * * *
The orc sorcerer hits you but does no damage.
The red devil hits you from afar with a +0 trident!
You die...

^...... #.....##
.......###o..$(#
.#.......#.....#
..............### ##
.#.......#(...#.##..##
#.>......#3..........#
#......รท#.......#...##
........o4..........#
....##.@........#..##
... #...#....###### ..
.......##...#
...........#...#
.....#......#..##
....##.....##...##
........#####..#.## ...
....# #......# ##.##.##


You could see a smoke demon, an orc sorcerer and a red devil.

Vanquished Creatures
  Erica (D:10)
  A two-headed ogre (D:10)
  Urug (D:10)
  A manticore (D:11)
  A cyclops (Orc:1)
  A gargoyle (D:10)
  2 trolls
  4 hippogriffs
  2 wyverns
  8 yaks
  Eustachio (D:6)
  Menkaure (D:4)
  Edmund (D:4)
  A warg (D:11)
  The ghost of xccam the Insei, an amateur OpTm (D:3)
  A water moccasin (D:8)
  3 orc warriors
  4 ice beasts
  4 phantoms
  A sky beast (D:11)
  A black bear (D:9)
  A necrophage (D:9)
  2 wolves (D:9)
  4 ogres
  4 centaurs
  2 bullfrogs
  A scorpion (D:8)
  A wyvern skeleton (D:11)
  3 wights (D:6)
  4 howler monkeys
  3 crimson imps
  2 electric eels (D:9)
  2 bullfrog zombies
  6 hounds
  4 jellies
  3 quasits
  3 centaur zombies
  9 orc wizards
  A bullfrog skeleton (D:10)
  4 centaur skeletons
  10 orc priests
  4 iguanas
  14 worker ants
  5 hound zombies
  A hound skeleton (D:8)
  9 mummies
  2 worker ant zombies
  4 gnolls
  15 adders
  2 shadow imps
  2 oozes
  An adder skeleton (D:4)
  3 worms
  4 dart slugs
  3 leopard geckos
  48 orcs
  5 giant cockroaches
  8 goblins
  6 hobgoblins
  3 jackals (D:1)
  8 kobolds
  8 quokkas
  2 ball pythons
  5 bats
  7 frilled lizards
  4 hobgoblin zombies (Ossuary)
  2 jackal skeletons (D:4)
  2 kobold zombies (Ossuary)
  A leopard gecko skeleton (D:8)
  2 orc zombies (Ossuary)
  A quokka skeleton (D:7)
  11 rats
302 creatures vanquished.

Notes
Turn   | Place    | Note
-------+----------+-------------------------------------------
     0 | D:1      | mopl the Troll Hunter began the quest for the Orb.
     0 | D:1      | Reached XP level 1. HP: 19/19 MP: 0/0
   162 | D:1      | Reached skill level 1 in Unarmed Combat
   222 | D:1      | Reached XP level 2. HP: 27/27 MP: 1/1
   421 | D:1      | Reached skill level 2 in Unarmed Combat
   556 | D:1      | Reached XP level 3. HP: 33/33 MP: 2/2
  1075 | D:2      | Reached skill level 4 in Throwing
  1750 | D:3      | Reached skill level 3 in Unarmed Combat
  1750 | D:3      | Reached XP level 4. HP: 41/41 MP: 3/3
  2375 | D:3      | Found a snail-covered altar of Cheibriados.
  2424 | D:3      | Found a runed translucent gate.
  2425 | D:3      | Found a runed translucent gate.
  2426 | D:3      | Found a runed translucent gate.
  2427 | D:3      | Identified the +9 dagger of Hospitality {holy, rF- Int+4}
  2427 | D:3      | Identified the +1 ring mail of Prudence {rPois}
  2427 | D:3      | Noticed xccam's ghost (amateur OpTm)
  2496 | D:3      | Killed xccam's ghost
  2496 | D:3      | Reached skill level 4 in Unarmed Combat
  2496 | D:3      | Reached XP level 5. HP: 16/48 MP: 4/4
  2530 | D:3      | Found a roughly hewn altar of Beogh.
  2628 | D:3      | Reached XP level 6. HP: 41/55 MP: 5/5
  2630 | D:3      | Reached skill level 5 in Unarmed Combat
  2749 | D:4      | Found a glowing golden altar of the Shining One.
  2750 | D:4      | Found a transporter.
  2762 | D:4      | Reached skill level 5 in Throwing
  2771 | D:4      | Found an ancient bone altar of Kikubaaqudgha.
  2775 | D:4      | Noticed Menkaure
  2793 | D:4      | Found a basalt altar of Yredelemnul.
  2796 | D:4      | Found a transporter.
  2814 | D:4      | Killed Menkaure
  2883 | D:4      | Reached XP level 7. HP: 62/62 MP: 6/6
  2966 | D:4      | Noticed Edmund
  2996 | D:4      | Killed Edmund
  2996 | D:4      | Reached skill level 6 in Unarmed Combat
  3586 | D:4      | Found a stormy altar of Qazlal.
  3660 | D:5      | Entered Level 5 of the Dungeon
  3673 | D:5      | Reached skill level 7 in Unarmed Combat
  3747 | D:5      | Reached skill level 6 in Throwing
  3754 | D:5      | Reached XP level 8. HP: 56/70 MP: 7/7
  3866 | D:5      | Reached skill level 8 in Unarmed Combat
  4120 | D:5      | Found Zuasein's Food Boutique.
  4164 | D:5      | Found a staircase to the Ecumenical Temple.
  4172 | Temple   | Entered the Ecumenical Temple
  4337 | D:5      | Found a faded altar of an unknown god.
  4337 | D:5      | Found a deep blue altar of Sif Muna.
  4342 | D:5      | Found a faded altar of an unknown god.
  4344 | D:5      | Found a sacrificial altar of Ru.
  4345 | D:5      | Found a shadowy altar of Dithmenos.
  4608 | D:6      | Found a shattered altar of Ashenzari.
  4714 | D:6      | Reached skill level 9 in Unarmed Combat
  4833 | D:6      | Learned a level 2 spell: Blink
  4835 | D:6      | Learned a level 1 spell: Beastly Appendage
  5027 | D:6      | Noticed Eustachio
  5043 | D:6      | Killed Eustachio
  5043 | D:6      | Reached skill level 7 in Throwing
  5289 | D:6      | Reached XP level 9. HP: 72/76 MP: 6/8
  5329 | D:6      | Found a stormy altar of Qazlal.
  5392 | D:7      | Found an opulent altar of Gozag.
  5492 | D:7      | Found Idug Ugu's Antique Armour Emporium.
  5506 | D:7      | Bought a glowing cloak for 187 gold pieces
  5506 | D:7      | Bought an ancient robe for 142 gold pieces
  5516 | D:7      | Identified the cursed +0 robe "Ydimmyel" {rN+ Stlth+} (You
                  | bought it in a shop on level 7 of the Dungeon)
  5589 | D:7      | Reached skill level 10 in Unarmed Combat
  5792 | D:7      | Reached skill level 1 in Evocations
  6473 | D:8      | Found a sand-covered staircase.
  6480 | Ossuary  | Entered an ossuary
  6766 | D:8      | Reached skill level 8 in Throwing
  6766 | D:8      | Reached skill level 2 in Evocations
  6985 | D:8      | Reached skill level 11 in Unarmed Combat
  7039 | D:8      | Found a hide-covered altar of Uskayaw.
  7550 | D:9      | Noticed a troll
  7561 | D:9      | Killed a troll
  7561 | D:9      | Reached XP level 10. HP: 79/85 MP: 10/10
  7645 | D:9      | Found a staircase to the Lair.
  7793 | D:9      | Found a hazy altar of Hepliaklqana.
  7845 | D:9      | Reached skill level 3 in Evocations
  8483 | D:10     | Entered Level 10 of the Dungeon
  8497 | D:10     | Found Zyiga's Assorted Antiques.
  8542 | D:10     | Bought a scroll labeled DAASUMECUK for 30 gold pieces
  8542 | D:10     | Bought a scroll labeled KIPSIU KUINIYTH for 30 gold pieces
  8542 | D:10     | Bought a scroll labeled ROMPAKLORR for 30 gold pieces
  8542 | D:10     | Bought a scroll labeled ILUUTAF VIVVA for 30 gold pieces
  8611 | D:10     | Noticed Urug
  8645 | D:10     | HP: 2/85 [Urug/+6 demon trident (20)]
  8648 | D:10     | Killed Urug
  8826 | D:10     | Noticed a two-headed ogre
  8942 | D:9      | Reached skill level 12 in Unarmed Combat
  9025 | D:10     | Noticed Erica
  9038 | D:10     | Killed Erica
  9038 | D:10     | Reached skill level 9 in Throwing
  9211 | D:10     | Reached skill level 4 in Evocations
  9536 | D:10     | Killed a two-headed ogre
  9727 | D:11     | Reached XP level 11. HP: 60/92 MP: 10/13
 10138 | D:10     | Reached skill level 13 in Unarmed Combat
 10193 | D:10     | Noticed a harpy
 10193 | D:10     | Noticed a fire dragon
 10530 | D:11     | Got a faintly glowing rapier
 10612 | D:11     | Found a staircase to the Orcish Mines.
 10628 | D:11     | Reached skill level 5 in Evocations
 11436 | Orc:1    | Entered Level 1 of the Orcish Mines
 11492 | Orc:1    | Reached skill level 10 in Throwing
 11529 | Orc:1    | Noticed an orc sorcerer
 11541 | Orc:1    | Noticed a sixfirhy
 11607 | Orc:1    | Paralysed by an orc sorcerer for 5 turns
 11609 | Orc:1    | HP: 4/92 [red devil/+0 trident[an orc sorcerer] (6)]
 11610 | Orc:1    | Slain by a red devil

Skill      XL: |  1  2  3  4  5  6  7  8  9 10 11 |
---------------+----------------------------------+-----
Unarmed Combat | 1 2 3 4 5 7 9 11 12 13 | 13.6
Throwing       | 4 5 6 7 8 9 10 | 10.0
Evocations     | 2 4 5 |  5.0
Fighting       | |  1.5
Dodging        | |  1.5
Stealth        | |  0.3

Action                   |  1- 3 |  4- 6 |  7- 9 | 10-12 || total
-------------------------+-------+-------+-------+-------++-------
Melee: Unarmed           |   114 |   120 |   385 |   359 ||   978
       Dagger            |       |    13 |       |       ||    13
       Punch             |       |     3 |    15 |    18 ||    36
       Kick              |       |       |     1 |       ||     1
       Headbutt          |       |       |     1 |       ||     1
Throw: Stone             |       |       |    93 |    21 ||   114
       Large rock        |       |       |     4 |       ||     4
       Javelin           |       |       |       |    22 ||    22
       Throwing net      |       |       |       |     2 ||     2
 Cast: Beastly Appendage |       |       |     2 |       ||     2
 Abil: Evoke Invisibilit |       |       |       |     7 ||     7
 Stab: Sleeping          |     3 |       |     8 |     6 ||    17
       Invisible         |       |       |       |    10 ||    10
       Held in net/web   |       |       |       |     1 ||     1
  Eat: Chunk             |    21 |    11 |    41 |    41 ||   114
Armor: Robe              |    44 |    42 |    92 |   102 ||   280
Dodge: Dodged            |    50 |    46 |   139 |   153 ||   388
